 Dungeon Crawl Stone Soup version 0.21-a0-210-gbfa5647 (webtiles) character file.

1642 Deeps the Firebug (level 8, -2/57 HPs)
             Began as a Yellow Draconian Fire Elementalist on Aug 22, 2017.
             Killed from afar by an orc (10 damage)
             ... with a wand of acid (?/15)
             ... on level 6 of the Dungeon.
             The game lasted 00:14:42 (5678 turns).

Deeps the Firebug (DrFE)                            Turns: 5678, Time: 00:14:42

Health: -2/57      AC:  7    Str: 13    XL:     8   Next: 67%
Magic:  4/16       EV: 12    Int: 18    God:
Gold:   221        SH:  0    Dex: 11    Spells: 12/17 levels left

rFire    + . .     SeeInvis .   o - +1 rapier (venom)
rCold    . . .     Gourm    .   (no shield)
rNeg     . . .     Faith    .   (armour unavailable)
rPois    +         Spirit   .   (helmet restricted)
rElec    +         Reflect  .   l - +0 cloak
rCorr    +         Harm     .   (no gloves)
MR       .....                  (no boots)
Stlth    +++.......             (no amulet)
HPRegen  0.19/turn              e - ring of protection from fire
MPRegen  0.15/turn              f - ring of flight

@: no status effects
A: spit acid, acid resistance, unfitting armour, blurry vision 1, poison
resistance, electricity resistance, strong 1, cold-blooded, AC +6
a: Breathe Acid, Evoke Flight


You were on level 6 of the Dungeon.
You were not hungry.

You visited 1 branch of the dungeon, and saw 6 of its levels.

You collected 221 gold pieces.

Inventory:

Hand Weapons
 c - a +1 dagger of venom
 o - a +1 rapier of venom (weapon)
Armour
 l - a +0 cloak (worn)
Magical Staves
 y - an uncursed staff of cold
Jewellery
 e - a ring of protection from fire (left hand)
 f - a ring of flight (right hand)
 q - a cursed ring of teleportation {unknown}
Wands
 A - a wand of disintegration (5/24)
 B - a wand of acid (8/15)
Scrolls
 d - 2 scrolls of enchant armour
 g - 4 scrolls of identify
 h - 6 scrolls of remove curse
 k - 2 scrolls of recharging
 p - a scroll of magic mapping {unknown}
 r - a scroll of blinking {unknown}
 w - a scroll of fog {unknown}
Potions
 b - 2 potions of lignification {unknown}
 m - a potion of brilliance
 n - 2 potions of ambrosia {unknown}
 t - a potion of cancellation
 x - a potion of curing {unknown}
 z - a potion of degeneration {unknown}
Books
 a - a book of Flames

   Spells                             Type                      Level
   a - Flame Tongue                   Conjuration/Fire             1
   b - Throw Flame                    Conjuration/Fire             2
   c - Conjure Flame                  Conjuration/Fire             3
   d - Inner Flame                    Hexes/Fire                   3
   e - Sticky Flame                   Conjuration/Fire             4
   f - Fireball                       Conjuration/Fire             5
 v - a book of Minor Magic

   Spells                             Type                      Level
   a - Magic Dart                     Conjuration                  1
   b - Blink                          Translocation                2
   c - Call Imp                       Summoning                    2
   d - Slow                           Hexes                        2
   e - Conjure Flame                  Conjuration/Fire             3
   f - Mephitic Cloud                 Conjuration/Poison/Air       3
Comestibles
 i - a meat ration
 j - a royal jelly
 s - a bread ration
 u - 2 fruits


   Skills:
 - Level 0.2 Fighting
 - Level 0.6 Short Blades
 - Level 2.3 Dodging
 + Level 5.1 Stealth
 + Level 5.4 Spellcasting
 + Level 5.3 Conjurations
 + Level 6.4 Fire Magic


You had 12 spell levels left.
You knew the following spells:

 Your Spells              Type           Power        Failure   Level  Hunger
a - Flame Tongue          Conj/Fire      ####.        1%          1    None
b - Sticky Flame          Conj/Fire      ####....     11%         4    ####...


Dungeon Overview and Level Annotations

Branches:
Dungeon (6/15)
 Temple: D:4-7

Altars:
Elyvilon
Kikubaaqudgha
Trog


Innate Abilities, Weirdness & Mutations

You can spit globs of acid.
You are resistant to acid.
Your golden yellow scales are hard. (AC +6)
You cannot fit into any form of body armour.
You are cold-blooded and may be slowed by cold attacks.
Scrolls take you a little longer to read.
Your system is resistant to poisons. (rPois)
You are resistant to electric shocks. (rElec)
Your muscles are strong. (Str +2)


Message History

Confirm with . or Enter, or press ? or * to list all spells.
You can't see any susceptible monsters within range! (Use Z to cast anyway.)
Casting: Sticky Flame
Confirm with . or Enter, or press ? or * to list all spells.
Aiming: Flame Tongue
Press: ? - help, Shift-Dir - straight line, f - orc
Aim: an orc, wielding a whip, wearing a leather armour and carrying a wand of acid (?/15) {zapped: 1} The flame tongue hits the orc.
The orc is heavily wounded.
There isn't anything here!
Okay, then.
Casting: Flame Tongue
Confirm with . or Enter, or press ? or * to list all spells.
Aiming: Flame Tongue
Press: ? - help, Shift-Dir - straight line, f/p - orc
Aim: an orc, wielding a whip, wearing a leather armour and carrying a wand of acid (?/15) {zapped: 1} (heavily wounded)
The flame tongue hits the orc.
The orc is heavily wounded.
The orc zaps a wand.
The bolt of acid hits you! You resist.
You die...

##.....## #......
##...## ###.### #
##'## #.# #.
######.#### #.# #.
#...<.....# #.#
#.##.####.##.# #.#
#....###...#.######.#
#...................#
#.):o.@......########
.??....######.####
....... ### #######


You could see an orc.

Vanquished Creatures
  The ghost of Typerbomb the Shield-Bearer, an amateur FoFi (D:3)
  Menkaure (D:4)
  3 sky beasts (D:5)
  2 ogres
  A centaur (D:5)
  A scorpion (D:3)
  A bullfrog zombie (D:5)
  A hound (D:4)
  6 orc priests
  Crazy Yiuf (D:2)
  An iguana (D:4)
  3 orc wizards (D:5)
  Jessica (D:2)
  A worker ant (D:5)
  Natasha (thrice) (D:2)
  A hound zombie (D:5)
  A worker ant zombie (D:5)
  6 adders
  3 shadow imps (D:5)
  2 oozes
  An adder zombie (D:5)
  An adder skeleton (D:4)
  5 worms
  A dart slug (D:3)
  3 leopard geckos
  16 orcs
  5 ball pythons
  8 giant cockroaches
  6 goblins
  5 hobgoblins
  9 jackals
  5 kobolds
  5 quokkas
  12 bats
  7 frilled lizards
  A quokka skeleton (D:5)
  4 rats
134 creatures vanquished.

Notes
Turn   | Place    | Note
-------+----------+-------------------------------------------
     0 | D:1      | Deeps the Draconian Fire Elementalist began the quest for the Orb.
     0 | D:1      | Reached XP level 1. HP: 14/14 MP: 3/3
    88 | D:1      | Reached XP level 2. HP: 13/20 MP: 0/5
   506 | D:1      | Reached XP level 3. HP: 26/26 MP: 2/6
   886 | D:2      | Noticed Jessica
   896 | D:2      | Killed Jessica
   896 | D:2      | Reached XP level 4. HP: 33/33 MP: 0/8
  1017 | D:2      | Noticed Natasha
  1048 | D:2      | HP: 1/33 [Natasha/magic dart (8)]
  1630 | D:2      | Found a runed door.
  1836 | D:2      | Killed Natasha
  1845 | D:2      | Reached skill level 4 in Fire Magic
  1855 | D:2      | Noticed Natasha
  1864 | D:2      | Killed Natasha
  1864 | D:2      | Reached XP level 5. HP: 12/38 MP: 1/9
  1944 | D:2      | Noticed Natasha
  1989 | D:2      | Killed Natasha
  2480 | D:2      | Noticed Crazy Yiuf
  2486 | D:2      | Killed Crazy Yiuf
  2605 | D:3      | Reached XP level 6. HP: 45/45 MP: 1/11
  2787 | D:3      | Learned a level 4 spell: Sticky Flame
  3356 | D:3      | Noticed Typerbomb's ghost (amateur FoFi)
  3817 | D:3      | Killed Typerbomb's ghost
  3817 | D:3      | Reached skill level 5 in Fire Magic
  3817 | D:3      | Your scales start taking on a golden yellow colour.
  3817 | D:3      | Reached XP level 7. HP: 6/50 MP: 0/13
  4340 | D:4      | Noticed Menkaure
  4345 | D:4      | Killed Menkaure
  4481 | D:4      | Found a white marble altar of Elyvilon.
  4486 | D:4      | Found a bloodstained altar of Trog.
  4486 | D:4      | Found an ancient bone altar of Kikubaaqudgha.
  4680 | D:5      | Entered Level 5 of the Dungeon
  4826 | D:5      | Reached XP level 8. HP: 56/57 MP: 6/14
  5155 | D:5      | Found a transporter.
  5273 | D:5      | Reached skill level 6 in Fire Magic
  5284 | D:5      | Gained mutation: Your system is resistant to poisons. (rPois) [mutagenic meat]
  5285 | D:5      | Gained mutation: You are resistant to electric shocks. (rElec) [mutagenic meat]
  5286 | D:5      | Gained mutation: Your muscles are strong. (Str +2) [mutagenic meat]
  5288 | D:5      | Gained mutation: Scrolls take you a little longer to read. [mutagenic meat]
  5316 | D:5      | Reached skill level 5 in Spellcasting
  5338 | D:5      | Reached skill level 5 in Conjurations
  5496 | D:5      | Found a transporter.
  5555 | D:5      | Reached skill level 5 in Stealth
  5678 | D:6      | Killed from afar by an orc

Vault maps used:
D:1:      eino_arrival_tree_alley, minmay_octomino_c4
D:2:      uniq_natasha, uniq_jessica, uniq_crazy_yiuf_cottage
D:4:      minitemple, first_bread, kennysheep_path_1, uniq_menkaure
D:5:      gammafunk_wand_slinger, grunt_decor_resistance
D:6:      nicolae_overflow_crystal_walls

Skill      XL: |  1  2  3  4  5  6  7  8 |
---------------+-------------------------+-----
Stealth        | 2 3 4 5 |  5.1
Dodging        | 2 |  2.3
Fire Magic     | 4 5 6 |  6.4
Spellcasting   | 3 4 5 |  5.4
Conjurations   | 2 3 4 5 |  5.3
Fighting       | |  0.2
Short Blades   | |  0.6

Action                   |  1- 3 |  4- 6 |  7- 9 || total
-------------------------+-------+-------+-------++-------
Melee: Dagger            |    34 |    25 |       ||    59
       Tailslap          |     1 |     6 |     5 ||    12
       Rapier            |       |    24 |    24 ||    48
 Cast: Flame Tongue      |    44 |   131 |    92 ||   267
       Sticky Flame      |       |     1 |     6 ||     7
 Abil: Breathe Acid      |       |       |     4 ||     4
  Use: Potion            |       |     7 |       ||     7
       Scroll            |       |     5 |       ||     5
  Eat: Bread ration      |       |     1 |       ||     1
       Chunk             |       |     4 |    11 ||    15
       Royal jelly       |       |       |     1 ||     1
       Fruit             |       |       |     1 ||     1
Armor: Skin              |    36 |    26 |    14 ||    76
Dodge: Dodged            |    47 |    87 |    33 ||   167

Table legend:
 A = Spawn XP
 B = Non-spawn XP
 C = Spawn XP percentage of total XP
 D = Spawn monster count
 E = Non-spawn monster count
 F = Spawn count percentage of total count
 G = Total turns spent on level
                    A         B        C        D         E        F      G
               +---------+---------+-------+---------+---------+-------+---------
         Total |     256 |    2090 |  10.9 |      16 |     118 |  11.9 |  5678
               +---------+---------+-------+---------+---------+-------+---------
           D:1 |       5 |      42 |  10.6 |       3 |      24 |  11.1 |   780
           D:2 |      18 |     243 |   6.9 |       4 |      25 |  13.8 |  1751
           D:3 |       9 |     576 |   1.5 |       2 |      39 |   4.9 |  1286
           D:4 |      53 |     353 |  13.1 |       4 |       8 |  33.3 |   863
           D:5 |     171 |     751 |  18.5 |       3 |      21 |  12.5 |   929
           D:6 |       0 |     125 |   0.0 |       0 |       1 |   0.0 |    69
               +---------+---------+-------+---------+---------+-------+---------
